 Dungeon Crawl Stone Soup version 0.16.2-2-g470672f (webtiles) character file.

245479 krupnik16 the Executioner (level 19, -5/106 HPs)
             Began as a Gargoyle Fighter on Aug 20, 2015.
             Was the Champion of Okawaru.
             Slain by an Executioner (11 damage)
             ... on level 1 of the Abyss.
             The game lasted 03:23:18 (43067 turns).

krupnik16 the Executioner (Gargoyle Fighter)       Turns: 43067, Time: 03:23:19

Health: -5/106     AC: 52    Str: 23      XL:     19   Next: 93%
Magic:  18/18      EV: 10    Int:  5 (6)  God:    Okawaru [******]
Gold:   1641       SH:  0    Dex:  9      Spells: 0 memorised, 18 levels left

rFire  + . .     SeeInvis +     X - +9 executioner's axe (elec)
rCold  . . .     Rnd*Rage +     F - +6 chain mail of the Slug {rF+ Slay+3}
rNeg   + + +     SustAb   .     (no shield)
rPois  ∞         Gourm    .     B - +2 helmet {SInv}
rElec  +         Spirit   .     u - +1 cloak of Losuiwnu {rPois rN+ rCorr Dex-3 SInv}
rCorr  +         Warding  .     I - +1 pair of gloves {Dex+3}
rMut   .         Rnd*Tele +     L - +1 pair of boots
MR     +....                    T - amulet of the Gloaming {Faith +Blink rN+}
Stlth  ..........               W - +6 ring of protection
                                O - +6 ring of protection

@: flying, somewhat resistant to hostile enchantments, extremely unstealthy
A: able to fly continuously, big wings, berserk 1, blurry vision 2, clumsy 1,
deformed body, dopey 1, frail 2, low mp 3, negative energy resistance 1,
screaming 2, electricity resistance, teleportitis 1, weak 2, unbreathing,
petrification resistance, rot immunity, MP-powered wands 1, AC +13
a: Stop Flying, Heroism, Finesse, Renounce Religion, Evoke Blink
}: 1/15 runes: barnacled


You were on level 1 of the Abyss.
You worshipped Okawaru.
Okawaru was exalted by your worship.
You were very hungry.

You visited 5 branches of the dungeon, and saw 32 of its levels.
You visited the Abyss 3 times.
You also visited: Bailey, Ice Cave and Volcano.

You collected 3981 gold pieces.
You spent 2340 gold pieces at shops.

Inventory:

Hand weapons
 X - a +9 executioner's axe of electrocution (weapon)
Armour
 s - a +2 pair of gloves of strength
 u - the +1 cloak of Losuiwnu (worn) {rPois rN+ rCorr Dex-3 SInv}
   (Okawaru gifted it to you on level 2 of the Shoals)

   It affects your dexterity (-3).
   It protects you from poison.
   It protects you from negative energy.
   It enhances your eyesight.
   It protects you from acid and corrosion.
 B - a +2 helmet of see invisible (worn)
 D - a +1 pair of gloves of fire resistance
 F - the +6 chain mail of the Slug (worn) {rF+ Slay+3}
   (You found it on level 6 of the Dungeon)

   It affects your accuracy and damage with ranged weapons and melee attacks
   (+3).
   It protects you from fire.
 I - a +1 pair of gloves of dexterity (worn)
 L - a +1 pair of boots (worn)
Jewellery
 v - an uncursed ring of protection from magic
 A - a +4 ring of strength
 J - an uncursed ring of sustain abilities
 O - a +6 ring of protection (left hand)
 T - the amulet of the Gloaming (around neck) {Faith +Blink rN+}
   (You acquired it on level 4 of the Orcish Mines)

   [amulet of faith]

   It allows you to gain divine favour quickly.
   It protects you from negative energy.
   It lets you blink.
 V - a +4 ring of slaying
 W - a +6 ring of protection (right hand)
Magical devices
 c - a wand of teleportation (6)
 e - a wand of draining (0)
 g - a wand of slowing (15)
 k - a wand of paralysis (0)
 n - a wand of confusion (0)
 q - a wand of confusion (18)
 t - a wand of confusion (8)
 H - a wand of slowing (34)
 K - a wand of confusion (6)
Scrolls
 b - 5 scrolls of fear
 f - 2 scrolls of brand weapon
 h - 3 scrolls of teleportation
 o - a scroll of blinking
 w - 2 scrolls of magic mapping
 y - 7 scrolls of fog
 E - 5 scrolls of remove curse
 G - a scroll of enchant armour
 M - a scroll of identify
 R - 4 scrolls of recharging
Potions
 j - 2 potions of lignification
 p - 2 potions of agility
 r - a potion of might
 x - 8 potions of curing
 C - a potion of berserk rage
 N - 2 potions of cancellation
 U - 2 potions of haste
Miscellaneous
 a - a lantern of shadows
 l - a phial of floods
 z - a disc of storms
 Q - a box of beasts
Comestibles
 d - 18 bread rations
 i - 16 meat rations
 m - 3 beef jerkies
 P - 14 royal jellies


   Skills:
 - Level 19.4 Fighting
   Level 3.7 Short Blades
 - Level 21.0 Axes
 - Level 15.2 Armour
 + Level 5.3 Dodging
   Level 5.0 Shields
 - Level 5.0 Invocations
 - Level 5.0 Evocations


You had 18 spell levels left.
You didn't know any spells.

Dungeon Overview and Level Annotations

Branches:
Dungeon (12/15)            Temple (0/1) D:6            Lair (8/8) D:8
 Shoals (5/5) Lair:5        Snake (0/5) Lair:4        Slime (0/6) Lair:6
    Orc (4/4) D:12            Elf (3/3) Orc:4

Altars:
Ashenzari
Dithmenos
Elyvilon
Fedhas
Gozag
Nemelex Xobeh
Okawaru
Qazlal
Trog
Xom
Zin
The Shining One
Jiyva

Shops:
D:12 :   Orc:1 *   Orc:4 ?**=   Elf:3 *

Annotations:
D:7 2 runed doors


Innate Abilities, Weirdness & Mutations

You are resistant to torment.
You are immune to poison.
You can fly continuously.
Your stone body is very resilient (AC +13).
Your wings are large and strong.
You resist negative energy.
You are resistant to electric shocks.
You can survive without breathing.
You are immune to petrification.
You are immune to rotting.
You tend to lose your temper in combat.
You are clumsy. (Dex -2)
Armour fits poorly on your strangely shaped body.
You are dopey. (Int -2)
[Scrolls take you longer to read.]
[You are very frail (-20% HP).]
[Your magical capacity is extremely low (-30% MP).]
[You sometimes yell uncontrollably at your foes.]
[Space occasionally distorts in your vicinity.]
[You are very weak. (Str -4)]
[You expend magic power (3 MP) to slightly strengthen your wands.]


Message History

The wretched star is almost destroyed.
You slice the chaos spawn!!
You kill the chaos spawn!
Okawaru accepts your kill.
The chaos spawn degenerates into a cloud of primal chaos!
The Executioner hits you but does no damage. x3
You barely miss the wretched star.
The wretched star is almost destroyed.
You slice the Executioner!!
The Executioner is moderately wounded.
The Executioner hits you.
* * * LOW HITPOINT WARNING * * *
The Executioner hits you but does no damage.
The Executioner hits you.
* * * LOW HITPOINT WARNING * * *
The Executioner hits you!
* * * LOW HITPOINT WARNING * * *
The Executioner hits you but does no damage. x2
The Executioner hits you!
You die...

. # .# ..# #.# .
.## ..# . ..# .
. . #.## ## .# .
#.###.#...
###....#. .
#1§..#.# #
#..#@....# # .
#....*#.##.# .
.......#..##...
..........#.. .
#
..###....#.##..#
#####....#.# #
#... # ## . .


You could see a wretched star and an Executioner.

Vanquished Creatures
  A bone dragon (Abyss:1)
  Nikola (Shoals:2)
  3 liches
  3 deep elf blademasters
  A deep elf master archer (Elf:3)
  The ghost of Everild the Warrior, a mighty MiFi of Okawaru (Shoals:5)
  3 krakens (Shoals:5)
  Polyphemus (Shoals:2)
  6 tentacled starspawn
  Kirke (Elf:2)
  Ilsuiw (Shoals:5)
  8 deep elf sorcerers
  A draconian knight (Abyss:2)
  Gastronok (Orc:3)
  An ironheart preserver (Abyss:2)
  2 very ugly things (Abyss:1)
  A deep elf demonologist (Elf:3)
  4 deep elf annihilators (Elf:3)
  Azrael (Elf:1)
  The ghost of krupnik16 the Severer, a powerful HOFi of Okawaru (Shoals:1)
  2 deep elf death magi (Elf:3)
  4 merfolk javelineers
  10 merfolk impalers
  Josephine (D:10)
  3 hydras
  2 green deaths (Abyss:1)
  3 deep elf high priests
  Fannar (Elf:3)
  Harold (D:11)
  An ice dragon (Lair:7)
  Nessos (Elf:1)
  3 merfolk aquamancers
  5 catoblepae
  4 ogre magi (Orc:4)
  Erica (Lair:6)
  An alligator snapping turtle (Shoals:4)
  6 merfolk avatars
  An orc high priest (Elf:1)
  15 dancing weapons (Elf:2)
  2 satyrs
  2 thrashing horrors
  19 death yaks
  Urug (Orc:3)
  The ghost of aredel the Fighter, an experienced GrFi of Okawaru (D:9)
  Nergalle (Lair:8)
  A sun demon (Elf:3)
  The ghost of Yoba the Cardsharp, a powerful FeIE of Nemelex Xobeh (Shoals:1)
  19 deep elf knights
  2 wretched stars (Abyss:1)
  A skeletal warrior (D:12)
  4 unseen horrors
  16 sea snakes
  2 hill giants
  3 ice statues (IceCv)
  3 orc knights
  17 deep elf summoners
  A harpy (shapeshifter) (Abyss:2)
  8 manticores
  9 griffons
  15 deep elf conjurers
  A stone giant zombie (Abyss:1)
  5 ugly things
  28 harpies
  A shining eye (Abyss:2)
  2 cyclopes
  3 orc sorcerers
  11 water nymphs
  4 worldbinders
  14 elephants
  6 fauns
  An octopode (shapeshifter) (Elf:2)
  12 sirens
  Joseph (D:12)
  A molten gargoyle (Volcano)
  3 gargoyles (Volcano)
  2 smoke demons (Abyss:1)
  9 small abominations
  5 sixfirhies
  7 black mambas
  2 orange demons (Abyss:1)
  A queen ant (Lair:7)
  A rust devil (Elf:3)
  12 spiny frogs
  6 komodo dragons
  A hellwing (Elf:1)
  5 demonic crawlers
  2 fire drakes (Lair:8)
  An ancient zyme (Abyss:2)
  11 deep elf priests
  5 trolls
  A freezing wraith (Abyss:2)
  4 wandering mushrooms (Lair:8)
  14 two-headed ogres
  2 jumping spiders
  A blue devil (Elf:3)
  3 wind drakes
  2 red devils
  A fire vortex (Volcano)
  Grinder (D:6)
  30 merfolk
  Prince Ribbit (D:5)
  A raven (shapeshifter) (Elf:2)
  A trapdoor spider (D:12)
  24 blink frogs
  7 raiju (Abyss:1)
  A shadow (D:11)
  8 snapping turtles
  A queen bee (Lair:5)
  3 basilisks
  9 tarantellas
  15 water elementals
  24 starcursed masses
  22 deep elf magi
  A wyvern (D:8)
  18 redbacks
  7 fire elementals
  42 yaks
  4 wraiths
  4 ynoxinuls
  18 deep elf fighters
  11 hippogriffs
  2 nagas (Lair:4)
  3 fire bats (Lair:2)
  4 hogs (Elf:2)
  A steam dragon (D:8)
  5 neqoxecs
  4 soldier ants (Lair:7)
  4 wargs
  14 wolves
  A chaos spawn (Abyss:1)
  3 hell hounds
  The ghost of krupnik16 the Shield-Bearer, an average GrFi (D:6)
  14 large abominations
  2 mottled dragons
  2 porcupines
  15 water moccasins
  A black bear (D:11)
  2 necrophages
  A spider (shapeshifter) (Elf:2)
  31 ice beasts
  3 phantoms
  28 ogres
  25 orc warriors
  2 centaurs
  5 sky beasts
  11 crocodiles
  A brain worm (D:11)
  A big kobold (D:9)
  17 giant frogs
  An earth elemental (Abyss:1)
  4 scorpions
  15 killer bees (Lair:5)
  9 wights
  4 crimson imps
  3 electric eels
  A centaur zombie (D:7)
  2 giant frog zombies
  3 iron imps
  2 jellies
  3 quasits
  2 giant frog skeletons
  3 centaur skeletons
  20 orc priests
  12 iguanas
  10 hounds
  28 worker ants
  20 orc wizards
  23 hell rats
  28 sheep
  A sheep (shapeshifter) (Elf:1)
  Ijyb (D:6)
  Jessica (D:3)
  A hound skeleton (D:5)
  Terence (D:2)
  35 adders
  51 river rats
  4 gnolls (D:8)
  A giant mite (D:6)
  2 shadow imps
  A white imp (Abyss:2)
  5 worms
  13 ufetubi
  An adder skeleton (D:4)
  2 giant geckos
  202 orcs
  A bat skeleton (D:8)
  5 giant cockroaches
  20 goblins
  19 hobgoblins
  13 jackals
  4 oozes
  16 quokkas
  21 bats
  A giant cockroach zombie (D:5)
  4 giant newts
  22 kobolds
  A lurking horror (Abyss:1)
  17 rats
  A spectral orc (Lair:8)
  5 ballistomycetes (D:10)
  3 crawling corpses
  25 fungi
  21 plants
  4 starspawn tentacles
  6 tentacles (Shoals:5)
1606 creatures vanquished.

Vanquished Creatures (collateral kills)
  A black mamba (Lair:7)
  A porcupine (Lair:7)
  A worker ant (Lair:7)
3 creatures vanquished.

Vanquished Creatures (others)
  2 deep elf knights (Elf:2)
  8 drowned souls
  A large abomination (Abyss:2)
  2 fire vortices (Volcano)
  3 humans (Elf:2)
  A deep elf fighter (Elf:3)
  2 orc wizards
  A hell rat (Elf:2)
  A giant spore (D:10)
  13 fungi
  10 plants
  4 starspawn tentacles
  31 starspawn tentacle segments
  15 tentacles (Shoals:5)
  360 tentacle segments (Shoals:5)
454 creatures vanquished.

Grand Total: 2063 creatures vanquished

Notes
Turn   | Place    | Note
--------------------------------------------------------------
     0 | D:1      | krupnik16, the Gargoyle Fighter, began the quest for the Orb.
     0 | D:1      | Reached XP level 1. HP: 14/14 MP: 1/1
   145 | D:1      | Reached XP level 2. HP: 19/19 MP: 2/2
   536 | D:2      | Found a blossoming altar of Fedhas.
   627 | D:2      | Reached skill level 4 in Shields
   627 | D:2      | Reached XP level 3. HP: 16/23 MP: 3/3
   758 | D:2      | Found a sparkling altar of Nemelex Xobeh.
   758 | D:2      | Found an iron altar of Okawaru.
   828 | D:2      | Became a worshipper of Warmaster Okawaru
   860 | D:2      | Noticed Terence
   874 | D:2      | Killed Terence
   909 | D:2      | Found a stormy altar of Qazlal.
   966 | D:2      | Reached XP level 4. HP: 28/28 MP: 4/4
  1231 | D:3      | Noticed Jessica
  1236 | D:3      | Killed Jessica
  1239 | D:3      | Reached XP level 5. HP: 20/32 MP: 5/5
  1457 | D:3      | Found an opulent altar of Gozag.
  1518 | D:3      | Acquired Okawaru's first power
  1632 | D:3      | Reached skill level 5 in Shields
  1668 | D:3      | Found a shattered altar of Ashenzari.
  2061 | D:4      | Reached XP level 6. HP: 30/37 MP: 6/6
  2345 | D:4      | Found a glowing golden altar of the Shining One.
  2371 | D:4      | Noticed an ogre
  2381 | D:4      | Killed an ogre
  2381 | D:4      | Reached skill level 5 in Axes
  2635 | D:5      | Entered Level 5 of the Dungeon
  2649 | D:5      | Reached XP level 7. HP: 33/41 MP: 7/7
  2678 | D:5      | Reached skill level 5 in Armour
  2692 | D:5      | Found a glowing silver altar of Zin.
  3267 | D:5      | Found a shadowy altar of Dithmenos.
  3780 | D:6      | Noticed Grinder
  3782 | D:6      | Reached skill level 6 in Armour
  3784 | D:6      | Noticed krupnik16's ghost (average GrFi)
  3951 | D:5      | Reached XP level 8. HP: 41/46 MP: 8/8
  3991 | D:6      | Killed Grinder
  3991 | D:6      | Reached skill level 7 in Armour
  3994 | D:6      | Killed krupnik16's ghost
  4005 | D:6      | Noticed Ijyb
  4007 | D:6      | Found a bloodstained altar of Trog.
  4019 | D:6      | Killed Ijyb
  4033 | D:6      | Noticed Prince Ribbit
  4118 | D:5      | Killed Prince Ribbit
  4118 | D:5      | Reached skill level 8 in Armour
  4444 | D:6      | Found a staircase to the Ecumenical Temple.
  4446 | D:6      | Found a white marble altar of Elyvilon.
  4464 | D:6      | Reached skill level 9 in Armour
  4464 | D:6      | Reached XP level 9. HP: 14/51 MP: 9/9
  4719 | D:6      | Got a brightly glowing chain mail
  4730 | D:6      | Identified the +6 chain mail of the Slug {rF+ Slay+3} (You found it on level 6 of the Dungeon)
  4910 | D:6      | Found an opulent altar of Gozag.
  5177 | D:7      | Found a large runed door.
  5177 | D:7      | Found a large runed door.
  5189 | D:7      | Reached skill level 1 in Evocations
  5194 | D:7      | Found a large runed door.
  5194 | D:7      | Found a large runed door.
  5194 | D:7      | Noticed a skeletal warrior
  5823 | D:7      | Reached skill level 10 in Armour
  6812 | D:8      | Reached XP level 10. HP: 42/56 MP: 11/14
  6822 | D:8      | Found a staircase to the Lair.
  7241 | D:8      | Gained mutation: Your spells are a little easier to cast, but a little less powerful. [potion of mutation]
  7241 | D:8      | Gained mutation: You are partially covered in yellow scales (AC +2). [potion of mutation]
  7241 | D:8      | Gained mutation: [You are frail (-10% HP).] [potion of mutation]
  7297 | D:8      | Reached skill level 11 in Armour
  7485 | D:8      | Acquired Okawaru's second power
  7767 | D:9      | Noticed aredel's ghost (experienced GrFi)
  7775 | D:9      | Reached skill level 10 in Axes
  7788 | D:9      | Killed aredel's ghost
  7878 | D:9      | Reached XP level 11. HP: 37/55 MP: 18/18
  8020 | D:9      | Reached skill level 5 in Fighting
  8044 | D:9      | Lost mutation: [You are frail (-10% HP).] [potion of cure mutation]
  8044 | D:9      | Lost mutation: Your spells are a little easier to cast, but a little less powerful. [potion of cure mutation]
  8044 | D:9      | Lost mutation: You are partially covered in yellow scales (AC +2). [potion of cure mutation]
  8143 | D:9      | Received a gift from Okawaru
  8283 | D:10     | Entered Level 10 of the Dungeon
  8322 | D:10     | Noticed Josephine
  8345 | D:10     | Killed Josephine
  8345 | D:10     | Reached skill level 1 in Invocations
  8681 | D:10     | Noticed an unseen horror
  8711 | D:10     | Killed an unseen horror
  9132 | D:11     | Found a flagged portal.
  9148 | Bailey   | Entered a bailey
  9148 | Bailey   | Noticed an orc knight
  9148 | Bailey   | Noticed an orc knight
  9150 | Bailey   | Noticed an orc knight
  9150 | Bailey   | Noticed an orc knight
  9167 | Bailey   | Noticed an orc knight
  9187 | Bailey   | Killed an orc knight
  9569 | Bailey   | Got a pair of scorched boots
  9581 | Bailey   | Identified the +0 pair of boots of the Cicada {MP+9} (You found it in a bailey)
  9641 | D:11     | Noticed Harold
  9664 | D:11     | Killed Harold
  9856 | D:11     | Reached skill level 12 in Axes
  9919 | D:11     | Found a shattered altar of Ashenzari.
  9927 | D:11     | Received a gift from Okawaru
  9938 | D:11     | Reached skill level 5 in Invocations
 10037 | D:11     | Reached skill level 1 in Short Blades
 10063 | D:11     | Noticed a hill giant
 10068 | D:11     | Killed a hill giant
 10095 | D:11     | Reached XP level 12. HP: 45/68 MP: 20/20
 10623 | D:12     | Found a staircase to the Orcish Mines.
 11284 | D:12     | Noticed Joseph
 11285 | D:12     | Found Uphevuh's Book Emporium.
 11295 | D:12     | Killed Joseph
 11373 | D:12     | Reached skill level 13 in Axes
 11519 | Lair:1   | Entered Level 1 of the Lair of Beasts
 11720 | Lair:1   | Received a gift from Okawaru
 11728 | Lair:1   | Got a fine quick blade {god gift}
 11729 | Lair:1   | Identified the +7 quick blade of Corporal Punishment {elec, rN+ MR+} (Okawaru gifted it to you on level 1 of the Lair of Beasts)
 12534 | Lair:2   | Found a dark tunnel.
 12553 | Volcano  | Entered a volcano
 13509 | Lair:2   | Reached skill level 14 in Axes
 13777 | Lair:2   | Reached XP level 13. HP: 78/78 MP: 21/21
 13930 | Lair:2   | Received a gift from Okawaru
 15253 | Lair:3   | Reached skill level 15 in Axes
 15742 | Lair:4   | Found a staircase to the Snake Pit.
 15770 | Lair:4   | Received a gift from Okawaru
 15840 | Lair:4   | Got a slimy platinum ring
 15847 | Lair:4   | Identified the ring "Ytwolaut" {rPois rF+ rC+ MR+ Str-5 Dex-3} (You found it on level 4 of the Lair of Beasts)
 16578 | Lair:5   | Reached skill level 16 in Axes
 16599 | Lair:5   | Found a shimmering altar of Xom.
 16754 | Lair:5   | Found a staircase to the Shoals.
 16761 | Lair:5   | Gained mutation: Your wings are large and strong. [gargoyle growth]
 16761 | Lair:5   | Reached XP level 14. HP: 74/84 MP: 19/22
 16909 | Lair:5   | Received a gift from Okawaru
 17227 | Lair:6   | Noticed Erica
 17231 | Lair:6   | Killed Erica
 17591 | Lair:6   | Found a viscous altar of Jiyva.
 17592 | Lair:6   | Found a staircase to the Slime Pits.
 18004 | Lair:6   | Reached skill level 17 in Axes
 18466 | Lair:7   | Found a frozen archway.
 18579 | IceCv    | Entered an ice cave
 20950 | Lair:7   | Reached skill level 5 in Evocations
 21081 | Lair:8   | Entered Level 8 of the Lair of Beasts
 21256 | Lair:8   | Noticed Nergalle
 21264 | Lair:8   | Killed Nergalle
 21455 | Lair:8   | Reached skill level 18 in Axes
 21892 | Lair:8   | Received a gift from Okawaru
 21892 | Lair:8   | Reached XP level 15. HP: 79/89 MP: 23/23
 22295 | Lair:8   | Received a gift from Okawaru
 22995 | Shoals:1 | Entered Level 1 of the Shoals
 23006 | Shoals:1 | Reached skill level 19 in Axes
 23063 | Shoals:1 | Got a dazzling arbalest
 23069 | Shoals:1 | Identified the +8 arbalest of Calculation {penet, Int+2} (You found it on level 1 of the Shoals)
 23085 | Shoals:1 | Noticed krupnik16's ghost (powerful HOFi)
 23089 | Shoals:1 | Noticed Yoba's ghost (powerful FeIE)
 23094 | Shoals:1 | Killed krupnik16's ghost
 23099 | Shoals:1 | Killed Yoba's ghost
 24292 | Shoals:2 | Received a gift from Okawaru
 24296 | Shoals:2 | Got a scorched cloak {god gift}
 24302 | Shoals:2 | Identified the +1 cloak of Losuiwnu {rPois rN+ rCorr Dex-3 SInv} (Okawaru gifted it to you on level 2 of the Shoals)
 24686 | Shoals:2 | Noticed Polyphemus
 25009 | Shoals:2 | Killed Polyphemus
 25026 | Shoals:2 | Reached skill level 20 in Axes
 25382 | Shoals:2 | Noticed Nikola
 25711 | Shoals:2 | Reached XP level 16. HP: 94/94 MP: 21/24
 26401 | Shoals:2 | Killed Nikola
 26876 | Orc:1    | Entered Level 1 of the Orcish Mines
 26892 | Orc:1    | Found Yracwia's General Store.
 27361 | Orc:2    | Found an iron altar of Okawaru.
 27811 | Orc:3    | Noticed Urug
 27812 | Orc:3    | Noticed Gastronok
 27827 | Orc:3    | Killed Gastronok
 27832 | Orc:3    | Killed Urug
 28099 | Orc:3    | Found a bloodstained altar of Trog.
 28487 | Orc:4    | Entered Level 4 of the Orcish Mines
 28487 | Orc:4    | Found a staircase to the Elven Halls.
 29046 | Orc:4    | Received a gift from Okawaru
 29049 | Orc:4    | Found Oce Xive's Magic Scroll Emporium.
 29049 | Orc:4    | Found Loaduesko's Assorted Antiques.
 29060 | Orc:4    | Found Crueloul's Assorted Antiques.
 29060 | Orc:4    | Found Straif's Jewellery Shoppe.
 29106 | Orc:4    | Bought a scroll of acquirement for 780 gold pieces
 29111 | Orc:4    | Got a steaming brass amulet
 29113 | Orc:4    | Identified the amulet of the Gloaming {Faith +Blink rN+} (You acquired it on level 4 of the Orcish Mines)
 29139 | Orc:4    | Bought a +4 ring of slaying for 780 gold pieces
 29139 | Orc:4    | Bought a +6 ring of protection for 780 gold pieces
 29166 | Orc:4    | Reached skill level 21 in Axes
 30201 | Shoals:3 | Reached skill level 10 in Fighting
 32320 | Shoals:5 | Entered Level 5 of the Shoals
 32362 | Shoals:5 | Noticed Everild's ghost (mighty MiFi)
 32391 | Shoals:5 | Reached XP level 17. HP: 50/104 MP: 25/25
 32595 | Shoals:5 | Noticed a kraken
 32603 | Shoals:5 | Killed a kraken
 32810 | Shoals:5 | Noticed a kraken
 33239 | Shoals:5 | Noticed Ilsuiw
 33266 | Shoals:5 | Killed Ilsuiw
 33361 | Shoals:5 | Received a gift from Okawaru
 33942 | Shoals:5 | Killed Everild's ghost
 34082 | Shoals:5 | Killed a kraken
 34092 | Shoals:5 | Got a barnacled rune of Zot
 35391 | Elf:1    | Entered Level 1 of the Elven Halls
 35391 | Elf:1    | Noticed Nessos
 35694 | Elf:1    | Killed Nessos
 35694 | Elf:1    | Received a gift from Okawaru
 35700 | Elf:1    | Got a distressingly furry robe {god gift}
 35711 | Elf:1    | Identified the +0 robe of the Louse {Contam rElec MP+9 Str+3 Int-4} (Okawaru gifted it to you on level 1 of the Elven Halls)
 35733 | Elf:1    | Gained mutation: Armour fits poorly on your strangely shaped body. [mutagenic glow]
 36141 | Elf:1    | Reached skill level 15 in Armour
 36202 | Elf:1    | Reached XP level 18. HP: 103/115 MP: 25/25
 36217 | Elf:1    | Identified the Reference Book on Gliding Conjuration
 36483 | Elf:1    | Noticed Azrael
 36497 | Elf:1    | Killed Azrael
 37219 | Elf:2    | Received a gift from Okawaru
 37935 | Elf:2    | Found a huge runed gate.
 37935 | Elf:2    | Found a huge runed gate.
 37935 | Elf:2    | Found a huge runed gate.
 37936 | Elf:2    | Found a huge runed gate.
 37939 | Elf:2    | Found a huge runed gate.
 37947 | Elf:2    | Got a crystal war axe
 37948 | Elf:2    | Identified the +2 war axe "Ugrumae" {chop, MR- Str+2 Int+3 Stlth+} (You found it on level 2 of the Elven Halls)
 37961 | Elf:2    | Noticed Kirke
 37969 | Elf:2    | Killed Kirke
 38044 | Elf:2    | Reached skill level 15 in Fighting
 38805 | Elf:2    | Received a gift from Okawaru
 38812 | Elf:2    | Got a dazzling helmet {god gift}
 38823 | Elf:2    | Identified the -3 helmet of Optimism {Str+7 Dex-5 Stlth+} (Okawaru gifted it to you on level 2 of the Elven Halls)
 39094 | Elf:3    | Entered Level 3 of the Elven Halls
 39310 | Elf:3    | Noticed Fannar
 39323 | Elf:3    | Killed Fannar
 39511 | Elf:3    | Found Kexzaaw's Assorted Antiques.
 40498 | Elf:3    | Reached XP level 19. HP: 99/128 MP: 26/26
 40704 | Elf:3    | Received a gift from Okawaru
 40850 | Elf:3    | Cast into the Abyss (a distortion unwield)
 40896 | Abyss:1  | Found a corrupted altar of Lugonu.
 40939 | Elf:3    | Escaped the Abyss
 40958 | Elf:3    | Cast into the Abyss (a deep elf demonologist)
 40958 | Abyss:1  | Found a corrupted altar of Lugonu.
 41830 | Abyss:2  | Gained mutation: [Your magical capacity is low (-10% MP).] [a shining eye]
 41838 | Abyss:2  | Gained mutation: You are dopey. (Int -2) [a shining eye]
 41991 | Elf:3    | Escaped the Abyss
 42128 | Elf:3    | Cast into the Abyss (a deep elf demonologist)
 42372 | Abyss:1  | Gained mutation: You tend to lose your temper in combat. [a neqoxec]
 42396 | Abyss:1  | Received a gift from Okawaru
 42538 | Abyss:1  | Reached skill level 1 in Dodging
 42567 | Abyss:1  | Gained mutation: You are clumsy. (Dex -2) [a neqoxec]
 42603 | Abyss:1  | Noticed a bone dragon
 42614 | Abyss:1  | Killed a bone dragon
 42957 | Abyss:1  | Received a gift from Okawaru
 42957 | Abyss:1  | Reached skill level 5 in Dodging
 43067 | Abyss:1  | Slain by an Executioner

Action                   |  1- 3 |  4- 6 |  7- 9 | 10-12 | 13-15 | 16-18 | 19-21 || total
-------------------------+-------+-------+-------+-------+-------+-------+-------++-------
Melee: War axe           |   109 |   190 |   415 |   457 |       |       |       ||  1171
       Rapier            |       |       |       |   102 |       |       |       ||   102
       Battleaxe         |       |       |       |   275 |    40 |       |       ||   315
       Executioner's axe |       |       |       |       |   926 |  1162 |   354 ||  2442
 Fire: Blowgun           |       |       |     8 |       |       |       |       ||     8
Throw: Tomahawk          |       |       |       |     2 |       |       |       ||     2
       Javelin           |       |       |       |       |       |     7 |       ||     7
Invok: Heroism           |       |     1 |     7 |    12 |    15 |    12 |     3 ||    50
       Finesse           |       |       |       |     5 |    12 |     5 |     1 ||    23
 Abil: Fly               |       |       |       |       |     1 |     1 |       ||     2
       Evoke Blink       |       |       |       |       |       |     6 |       ||     6
       Stop Flying       |       |       |       |       |       |     1 |       ||     1
Evoke: Wand              |       |       |     2 |     3 |    25 |     7 |     8 ||    45
       Phial of floods   |       |       |       |       |     1 |       |       ||     1
  Use: Scroll            |       |     4 |    11 |    18 |    22 |    11 |     2 ||    68
       Potion            |       |       |     3 |     4 |     8 |     3 |     3 ||    21
 Stab: Invisible         |       |       |       |     4 |       |       |       ||     4
       Confused          |       |       |       |       |     3 |       |       ||     3
       Paralysed         |       |       |       |       |       |     1 |       ||     1
       Distracted        |       |       |       |       |       |       |     2 ||     2
  Eat: Chunk             |       |     6 |    14 |    21 |    23 |    27 |     3 ||    94
       Fruit             |       |       |       |     5 |    23 |    23 |       ||    51
       Pizza             |       |       |       |       |     1 |     1 |       ||     2
       Beef jerky        |       |       |       |       |       |     1 |     4 ||     5
